AoeStats
← Papichan

Black Forest

510428272Analyzed
2v2 RM · 1d ago on Oct 1, 2026· 51m 58s· 4 players
Game mode
Random Map
Map size
Medium (4 player)
Population
200
Speed
Normal
Resources
Standard
Victory
Conquest
Starting age
Dark Age
Ending age
Imperial Age
RankedLock teamsTeams togetherTeam positionsShared explorationLock speedFull tech treeHidden civsTurbo modeCheats
Victory
Defeat
🇦🇷 Franks · Argentina
796
+11
🇵🇪 Huns · Peru
796
+11
🇦🇷 Poles · Argentina
682
-11
🇫🇷 Italians · France
680
-11
CHAMACO
3:09 Loom
11:05 Feudal Age
12:11 Double-Bit Axe
12:17 Horse Collar
20:16 Castle Age
21:37 Fletching
22:47 Bow Saw
23:46 Bodkin Arrow
23:57 Scale Barding Armor
25:20 Heavy Plow
26:51 Wheelbarrow
28:55 Scale Mail Armor
30:23 Pikeman
33:52 Squires
38:21 Bloodlines
38:48 Forging
44:37 Imperial Age
43:04 Iron Casting
44:23 Hand Cart
47:28 Szlachta Privileges
thi1313
0:40 Loom
12:51 Feudal Age
13:52 Double-Bit Axe
14:07 Horse Collar
20:04 Castle Age
19:05 Wheelbarrow
Noathone
12:06 Feudal Age
18:36 Castle Age
27:04 Husbandry
27:14 Bloodlines
39:24 Imperial Age
39:12 Marauders
44:46 Conscription
Papichan
0:43 Loom
12:59 Feudal Age
14:29 Double-Bit Axe
17:35 Man-at-Arms
23:00 Wheelbarrow
24:28 Scale Barding Armor
28:55 Castle Age
27:34 Forging
27:27 Scale Mail Armor
30:07 Gambesons
30:30 Husbandry
31:23 Squires
31:48 Murder Holes
32:33 Gold Mining
33:03 Masonry
32:28 Long Swordsman
34:42 Hand Cart
36:17 Chain Barding Armor
36:22 Chain Mail Armor
38:41 Ballistics
38:27 Padded Archer Armor
38:17 Fletching
38:51 Ordonnance Companies
40:09 Sanctity
40:48 Leather Archer Armor
40:29 Bodkin Arrow
45:34 Imperial Age
45:57 Iron Casting
47:48 Plate Barding Armor
47:05 Cavalier
50:13 Plate Mail Armor
53:03 Chemistry
Connection lost

Rejoining the realm…

Still unreachable

The connection could not be restored.

Session expired

The server has moved on; the page needs a fresh start.